 Dungeon Crawl Stone Soup version 0.27.1-33-g824d729ab1 (webtiles) character file.

Game seed: 18075015148540332389

2375 hamarrboo the Ogre Mage (level 9, -1/68 (76) HPs)
             Began as an Ogre Fire Elementalist on Dec 10, 2021.
             Was a Priest of the Shining One.
             Killed by miscasting Fireball (9 damage)
             ... on level 8 of the Dungeon on Dec 12, 2021.
             The game lasted 00:45:18 (8904 turns).

hamarrboo the Ogre Mage (Ogre Fire Elementalist)    Turns: 8904, Time: 00:45:19

HP:   -1/68 (76)    AC:  6    Str: 14    XL:     9   Next: 45%
MP:   15/29         EV: 10    Int: 19    God:    the Shining One [***...]
Gold: 32            SH:  0    Dex:  9    Spells: 11/23 levels left

rFire    + . .     SeeInvis .   B - staff of fire
rCold    . . .     Faith    .   (no shield)
rNeg     + + .     Spirit   .   q - +0 robe
rPois    .         Reflect  .   (helmet restricted)
rElec    .         Harm     .   c - +2 cloak
rCorr    .         Rampage  .   (gloves unavailable)
Will     +....                  (boots unavailable)
Stlth    +.........             (no amulet)
HPRegen  0.21/turn              d - ring of magical power
MPRegen  0.21/turn              z - ring "Vanaw" {rN+ Will+}

@: very slightly contaminated, glowing, heavily drained
A: large, unfitting armour, tough skin 1
a: Renounce Religion, Divine Shield


You were on level 8 of the Dungeon.
You worshipped the Shining One.
The Shining One was most pleased with you.
You visited 1 branch of the dungeon, and saw 9 of its levels.

You collected 411 gold pieces.
You spent 379 gold pieces at shops.

Inventory:

Armour
 c - a +2 cloak (worn)
 q - a +0 robe (worn)
Magical Staves
 B - a staff of fire (weapon)
Jewellery
 a - a ring of flight
 d - a ring of magical power (left hand)
 n - a ring of fire
 o - a ring of ice
 z - the ring "Vanaw" (right hand) {rN+ Will+}
   (You found it on level 6 of the Dungeon)

   [ring of positive energy]

   rN:        It protects you from negative energy.
   Will:      It increases your willpower.
Wands
 h - a wand of acid (11)
 r - a wand of paralysis (11)
 v - a wand of flame (18)
 w - a wand of polymorph (18)
Scrolls
 g - 2 scrolls of identify
 i - a scroll of holy word {unknown}
 j - 2 scrolls of fear
 p - a scroll of magic mapping {unknown}
 u - a scroll of enchant armour {unknown}
 y - 2 scrolls of teleportation {unknown}
 D - 2 scrolls of noise {unknown}
Potions
 b - a potion of flight {unknown}
 e - a potion of mutation {unknown}
 f - 3 potions of invisibility
 k - 5 potions of curing
 l - a potion of cancellation {unknown}
 m - a potion of resistance {unknown}
 s - 2 potions of lignification
 t - 2 potions of haste
 x - a potion of attraction {unknown}
 A - a potion of magic
 C - a potion of heal wounds
 E - a potion of brilliance {unknown}


   Skills:
 + Level 1.1 Fighting
 + Level 2.9 Dodging
 + Level 2.9 Stealth
 + Level 7.7 Spellcasting
 + Level 5.9 Conjurations
 + Level 0.2 Translocations
 + Level 6.7 Fire Magic


You had 11 spell levels left.
You knew the following spells:

 Your Spells              Type           Power      Damage    Failure   Level
a - Foxfire               Conj/Fire      100%       2x1d9     1%          1
b - Blink                 Tloc           N/A        N/A       13%         2
c - Sticky Flame          Conj/Fire      47%        2d6       7%          4
d - Fireball              Conj/Fire      23%        3d11      19%         5

Your spell library contained the following spells:

 Spells                   Type           Power      Damage    Failure   Level
 Conjure Flame            Conj/Fire      47%        6-21      1%          3
 Inner Flame              Hex/Fire       30%        N/A       7%          3
 Summon Small Mammal      Summ           28%        N/A       10%         1
 Slow                     Hex            7%         N/A       14%         2
 Sublimation of Blood     Necr           3%         N/A       14%         2
 Wereblood                Tmut           7%         N/A       14%         2
 Lesser Beckoning         Tloc           4%         N/A       26%         3
 Fulminant Prism          Conj/Hex       9%         3d7       26%         4
 Iskenderun's Mystic Bla  Conj/Tloc      19%        2d6       26%         4
 Call Canine Familiar     Summ           7%         N/A       28%         3
 Confusing Touch          Hex            7%         N/A       28%         3
 Summon Guardian Golem    Hex/Summ       7%         N/A       28%         3
 Manifold Assault         Tloc           8%         N/A       93%         5
 Lee's Rapid Deconstruct  Erth           3%         3d6*      95%         5
 Yara's Violent Unravell  Hex/Tmut       3%         3d4       95%         5
 Summon Hydra             Summ           3%         N/A       100%        7


Dungeon Overview and Level Annotations

Branches:
Dungeon (9/15)             Temple (0/1) D:4
   Lair: D:8-11         Orc: D:9-12

Altars:
Ashenzari
Cheibriados
Elyvilon
Gozag
Hepliaklqana
Makhleb
Nemelex Xobeh
Sif Muna
Trog
Uskayaw
Vehumet
Wu Jian
Yredelemnul
The Shining One

Shops:
D:6 !   D:7 =

Annotations:
D:4 3 runed translucent doors, exclusion: 3 doors, corgi's ghost, amateur HOAK


Innate Abilities, Weirdness & Mutations

You are too large for most types of armour.
You have tough skin. (AC +1)


Message History

The yak gores you!
You feel a surge of power!
You conjure some foxfire!
The foxfire hits the yak!
The yak is lightly wounded.
The foxfire hits the yak.
The yak is moderately wounded.
The yak barely misses you. The yak gores you!
You are too injured to fight recklessly!
You are too injured to fight recklessly!
Casting: Foxfire (safe; 1% risk of failure)
Confirm with . or Enter, or press ? or * to list all spells.
You feel a surge of power!
You conjure some foxfire!
The foxfire hits the yak.
The yak is lightly wounded.
The foxfire hits the yak!
The yak is heavily wounded.
The yak gores you! x2
* * * LOW HITPOINT WARNING * * *
Casting: Foxfire (safe; 1% risk of failure)
Confirm with . or Enter, or press ? or * to list all spells.
You blink.
Found a potion of invisibility.
The foxfire hits the yak but does no damage.
The yak is heavily wounded.
Your divine halo glows too radiantly to become invisible.
Casting: Blink (safe; 13% risk of failure)
Confirm with . or Enter, or press ? or * to list all spells.
The spell is quite dangerous to cast (19% risk of failure)!
Continue anyway?
Aiming: Fireball (quite dangerous; 19% risk of failure)
Press: ? - help, Shift-Dir - straight line, f - yak
Aim: a yak (lightly wounded)
You feel a surge of power!
You miscast Fireball.
You are very lightly contaminated with residual magic.
Flames sear your flesh. You resist.
* * * LOW HITPOINT WARNING * * *
Casting: Fireball (quite dangerous; 19% risk of failure)
Confirm with . or Enter, or press ? or * to list all spells.
The spell is quite dangerous to cast (19% risk of failure)!
Continue anyway?
Aiming: Fireball (quite dangerous; 19% risk of failure)
Press: ? - help, Shift-Dir - straight line, p - yak You feel a surge of power!
You miscast Fireball.
A wave of violent energy washes through your body!
You die...

...##........... ......
................ .....
...#.##......... ..!.
..#####.....)... ...##
.#######........ ....#
..##.###........ ....#
................##....#
.##.##...#......#.....#
###....###......@#...##
# ##...# .......Y...<.#
# #..#####.........#.##
###...# #.....#..Y..##
.....#####..###....##
...............>...#
..............##..##
..#...#........####
..#...##.........#


You could see 2 yaks.

Vanquished Creatures
  Sigmund (D:6)
  2 ice beasts
  4 necrophages
  3 ogres
  A kobold brigand (D:8)
  4 bullfrogs
  2 scorpions
  A water moccasin skeleton (D:4)
  3 wights
  A howler monkey (D:4)
  A bullfrog zombie (D:6)
  A centaur zombie (D:8)
  5 hounds
  Crazy Yiuf (D:6)
  2 orc priests (D:8)
  3 centaur skeletons
  A bullfrog skeleton (D:7)
  An iguana (D:4)
  6 orc wizards
  A hound skeleton (D:5)
  6 adders
  3 white imps
  2 ufetubi
  An adder skeleton (D:2)
  2 worms (D:2)
  3 dart slugs
  12 orcs
  5 ball pythons
  9 bats
  3 endoplasms
  2 giant cockroaches (D:1)
  7 goblins
  8 hobgoblins
  5 quokkas
  4 frilled lizards
  11 kobolds
  4 rats (D:1)
131 creatures vanquished.

Vanquished Creatures (collateral kills)
  2 foxfires
2 creatures vanquished.

Vanquished Creatures (others)
  503 foxfires
503 creatures vanquished.

Grand Total: 636 creatures vanquished

Notes
Turn   | Place    | Note
-------+----------+-------------------------------------------
     0 | D:1      | hamarrboo the Ogre Fire Elementalist began the quest for
                  | the Orb.
     0 | D:1      | Reached XP level 1. HP: 16/16 MP: 3/3
   126 | D:1      | Reached XP level 2. HP: 6/24 MP: 0/5
   432 | D:1      | Reached skill level 1 in Conjurations
  1078 | D:1      | Reached XP level 3. HP: 31/31 MP: 3/6
  1370 | D:1      | Found a faded altar of an unknown god.
  1561 | D:1      | Became a worshipper of Elyvilon the Healer
  1561 | D:1      | Reached * piety under Elyvilon
  1891 | D:2      | Learned a level 2 spell: Blink
  1943 | D:2      | Reached skill level 3 in Spellcasting
  2030 | D:2      | Reached XP level 4. HP: 34/39 MP: 8/8
  2440 | D:2      | Reached ** piety under Elyvilon
  2755 | D:3      | Reached XP level 5. HP: 38/45 MP: 9/9
  3075 | D:3      | Found a glowing golden altar of the Shining One.
  3078 | D:3      | Fell from the grace of Elyvilon
  3078 | D:3      | Became a worshipper of the Shining One
  3078 | D:3      | Reached * piety under the Shining One
  3202 | D:5      | Entered Level 5 of the Dungeon
  3235 | D:4      | Learned a level 4 spell: Sticky Flame
  3283 | D:4      | Found a staircase to the Ecumenical Temple.
  3295 | D:4      | Reached XP level 6. HP: 54/54 MP: 9/11
  3510 | D:4      | Found a shimmering blue altar of Sif Muna.
  3557 | D:4      | Noticed a necrophage
  3572 | D:4      | Killed a necrophage
  3573 | D:4      | Reached skill level 4 in Spellcasting
  3670 | D:4      | Noticed an ice beast
  3676 | D:4      | Killed an ice beast
  3677 | D:4      | Reached XP level 7. HP: 61/61 MP: 13/13
  3844 | D:4      | Noticed corgi's ghost (amateur HOAK)
  3845 | D:4      | Found a runed translucent gate.
  3846 | D:4      | Found a runed translucent gate.
  3846 | D:4      | Found a runed translucent gate.
  4640 | D:5      | Reached skill level 5 in Spellcasting
  4878 | D:5      | Learned a level 5 spell: Fireball
  4905 | D:5      | Reached skill level 5 in Fire Magic
  5279 | D:7      | Found Zystid's Jewellery Shop.
  5295 | D:6      | Reached ** piety under the Shining One
  5404 | D:6      | Found a snail-covered altar of Cheibriados.
  5422 | D:6      | Found a broken altar of Ashenzari.
  5423 | D:6      | Found a bloodstained altar of Trog.
  5423 | D:6      | Found a hazy altar of Hepliaklqana.
  5424 | D:6      | Found an ornate altar of the Wu Jian Council.
  5424 | D:6      | Found a burning altar of Makhleb.
  5424 | D:6      | Found a basalt altar of Yredelemnul.
  5424 | D:6      | Found an opulent altar of Gozag.
  5425 | D:6      | Found a hide-covered altar of Uskayaw.
  5462 | D:6      | Reached XP level 8. HP: 67/68 MP: 16/16
  5502 | D:6      | Reached skill level 6 in Spellcasting
  5695 | D:6      | Found Deanim's Distillery.
  5701 | D:6      | Bought a potion of heal wounds for 65 gold pieces
  5701 | D:6      | Bought a potion of magic for 104 gold pieces
  5801 | D:6      | Noticed Sigmund
  5803 | D:6      | Killed Sigmund
  5922 | D:6      | Identified the +2 ring mail of the Skies Above {*Slow rPois
                  | Int+5}
  6007 | D:6      | Found a radiant altar of Vehumet.
  6379 | D:6      | Identified the ring "Vanaw" {rN+ Will+}
  6452 | D:6      | Found a runed translucent door.
  6453 | D:6      | Noticed Crazy Yiuf
  6468 | D:6      | Killed Crazy Yiuf
  6632 | D:6      | Reached skill level 5 in Conjurations
  6847 | D:7      | Bought a ring of flight for 210 gold pieces
  6883 | D:7      | Reached skill level 7 in Spellcasting
  7000 | D:7      | Reached XP level 9. HP: 75/75 MP: 19/19
  7143 | D:7      | Reached skill level 1 in Fighting
  7965 | D:9      | Noticed a hornet
  8625 | D:8      | Found a sparkling altar of Nemelex Xobeh.
  8625 | D:8      | Reached *** piety under the Shining One
  8904 | D:8      | Killed by miscasting Fireball

Illustrated notes

Levels and vault maps discovered:
D:1:      dpeg_arrival_round_a, layout_loops_ring,
          chequers_ecumenical_altar_lobes, minmay_misc_feat_columns,
          skrybe_limestone_x
D:2:      minmay_wonky_spiral, layout_basic
D:3:      layout_basic, tso_oasis_becter
D:4:      layout_loops_ring, mainiacjoe_overflow_boulevard,
          minmay_temple_entry_arrows, gammafunk_ghost_nasty_kobolds
D:5:      layout_loops_ring
D:6:      layout_basic, grunt_temple_overflow_open, cheibriados_altar_1,
          nicolae_vehumet_radiance, serial_shops, nicolae_shop_behind_doors,
          minivault_10, corexii_item_surrounded_by_moat,
          uniq_crazy_yiuf_cottage, uniq_sigmund
D:7:      layout_basic, serial_shops, nicolae_stop_n_shop_1,
          minmay_misc_feat_pillars
D:8:      lemuel_ice_statue, layout_cave_pools, mainiacjoe_overflow_24_doors
D:9:      layout_basic, nicolae_ru_path_of_blood,
          mainiacjoe_overflow_tiny_flanked, chequers_serial_rivers_room_a,
          bh_circular_ruins

Skill      XL: |  1  2  3  4  5  6  7  8  9 |
---------------+----------------------------+-----
Dodging        | 2 |  2.9
Fire Magic     | 3 4 5 6 |  6.7
Conjurations   | 1 2 3 4 5 |  5.9
Spellcasting   | 3 4 5 7 |  7.7
Stealth        | 2 |  2.9
Fighting       | 1 |  1.1
Translocations | |  0.2

Action                   |  1- 3 |  4- 6 |  7- 9 || total
-------------------------+-------+-------+-------++-------
Melee: Dagger            |     8 |     8 |       ||    16
       Unarmed           |     1 |       |       ||     1
       Staff             |       |       |     7 ||     7
       Rapier            |       |       |     2 ||     2
 Cast: Foxfire           |    76 |    71 |   150 ||   297
       Sticky Flame      |       |     4 |    13 ||    17
       Fireball          |       |       |    12 ||    12
       Blink             |       |       |     5 ||     5
  Use: Scroll            |       |       |     6 ||     6
       Potion            |       |       |     1 ||     1
Armor: Robe              |     8 |    17 |    26 ||    51
Dodge: Dodged            |    18 |    13 |    47 ||    78
       Rpst.: Long sword |       |     1 |       ||     1
